 Dungeon Crawl Stone Soup version 0.23-a0-389-g4a5eb334b0 (webtiles) character file.

81042 PikkenKukken the Unseen (level 15, -32/151 HPs)
             Began as a Naga Venom Mage on Oct 29, 2018.
             Was a Follower of Ashenzari.
             Killed from afar by a balrug (45 damage)
             ... with a bolt of fire
             ... summoned by Asterion
             ... on level 1 of the Spider Nest on Oct 30, 2018.
             The game lasted 03:55:46 (44314 turns).

PikkenKukken the Unseen (Naga Venom Mage)          Turns: 44314, Time: 03:55:46

Health: -32/151    AC: 23    Str: 10    XL:     15   Next: 69%
Magic:  14/33      EV:  8    Int: 24    God:    Ashenzari [*.....]
Gold:   2623       SH:  5    Dex: 13    Spells: 6/26 levels left

rFire    . . .     SeeInvis +   a - +4 flail (drain)
rCold    + . .     Gourm    +   R - +0 buckler
rNeg     . . .     Faith    .   A - +2 leather armour {rF+} (curse)
rPois    +         Spirit   .   U - +2 hat (curse)
rElec    +         Reflect  .   k - +1 cloak (curse)
rCorr    .         Harm     .   j - +2 pair of gloves of Isamiogg {rF- rC+ Str-2 Int+5} (curse)
MR       +....                  C - +4 naga barding {Stlth+} (curse)
Stlth    ++++++....             G - amulet of the gourmand (curse)
HPRegen  0.35/turn              i - ring "Kaicri" {+Inv rElec MP+9} (curse)
MPRegen  0.23/turn              f - +3 ring of slaying (curse)

@: about to teleport, studying Evocations, heavily drained, very slow
A: large, see invisible, deformed body, poison resistance, slowness 2, slow
metabolism 1, spit poison 1, constrict 1, AC +5
a: Spit Poison, Curse Item, Scrying, Renounce Religion, Evoke Invisibility


You were on level 1 of the Spider Nest.
You worshipped Ashenzari.
Ashenzari was aware of your devotion.
You were hungry.

You visited 6 branches of the dungeon, and saw 26 of its levels.
You also visited: Trove.

You collected 4108 gold pieces.
You spent 1485 gold pieces at shops.

Inventory:

Hand Weapons
 a - a +4 flail of draining (weapon)
 b - a +4 hunting sling
Missiles
 l - 144 sling bullets
 B - 656 arrows
Armour
 j - the cursed +2 pair of gloves of Isamiogg (worn) {rF- rC+ Str-2 Int+5}
   (You found it on level 7 of the Dungeon)

   It affects your strength (-2).
   It affects your intelligence (+5).
   It makes you vulnerable to fire.
   It protects you from cold.
   It has a curse placed upon it.
 k - a cursed +1 cloak (worn)
 A - a cursed +2 leather armour of fire resistance (worn)
 C - a cursed +4 naga barding of stealth (worn)
 R - a +0 buckler (worn)
 U - a cursed +2 hat (worn)
Jewellery
 e - an uncursed ring of protection from fire
 f - a cursed +3 ring of slaying (right hand)
 i - the cursed ring "Kaicri" (left hand) {+Inv rElec MP+9}
   (You bought it in a shop on level 14 of the Dungeon)

   [ring of magical power]

   It insulates you from electricity.
   It affects your magic capacity (+9).
   It lets you turn invisible.
   It has a curse placed upon it.
 D - an uncursed ring of protection from magic
 G - a cursed amulet of the gourmand (around neck)
 M - an uncursed ring of positive energy
Wands
 m - a wand of scattershot (6)
 L - a wand of digging (9)
 X - a wand of iceblast (10)
Scrolls
 d - a scroll of identify
 n - 3 scrolls of fog
 o - 9 scrolls of teleportation
 q - 5 scrolls of enchant weapon
 y - 6 scrolls of amnesia
 H - 4 scrolls of fear
 J - 5 scrolls of blinking
 K - a scroll of magic mapping
 N - 3 scrolls of remove curse
 P - a scroll of torment
 V - 3 scrolls of enchant armour
Potions
 g - a potion of might {unknown}
 h - a potion of cancellation
 p - 9 potions of heal wounds
 r - 5 potions of haste
 t - 6 potions of curing
 u - 4 potions of brilliance
 v - a potion of resistance
 x - a potion of magic
 z - 7 potions of ambrosia
 E - 6 potions of agility
 F - a potion of experience {unknown}
 Q - 2 potions of berserk rage
 T - 4 potions of flight
 Z - a potion of mutation {unknown}
Books
 W - a manual of Evocations
Miscellaneous
 s - a box of beasts
 w - a crystal ball of energy
 I - a crystal ball of energy
 O - 3 phantom mirrors
 Y - a lamp of fire
Comestibles
 c - 49 rations


   Skills:
 - Level 14.0(12.4) Fighting
 - Level 2.9(1.7) Maces & Flails
 - Level 3.3(2.1) Dodging
 - Level 15.7(14.1) Stealth
 - Level 5.0(3.7) Shields
 + Level 6.2(4.9) Spellcasting
 * Level 15.1(13.5) Conjurations
 - Level 3.7(2.5) Transmutations
 - Level 2.0(0.8) Air Magic
 - Level 1.8(0.7) Earth Magic
 - Level 10.2(8.8) Poison Magic
 + Level 7.2(5.9) Evocations


You had 6 spell levels left.
You knew the following spells:

 Your Spells              Type           Power        Failure   Level  Hunger
a - Sting                 Conj/Pois      ####         1%          1    None
b - Poisonous Vapours     Pois/Air       ####..       2%          2    None
c - Mephitic Cloud        Conj/Pois/Air  #####...     1%          3    ##.....
d - Sticks to Snakes      Tmut           ###.....     6%          2    None
e - Venom Bolt            Conj/Pois      ######....   3%          5    #####..
f - Olgreb's Toxic Radia  Pois           #####...     3%          4    ####...
g - Stone Arrow           Conj/Erth      #####.       1%          3    ##.....

Your spell library contained the following spells:

 Spells                   Type           Power        Failure   Level  Hunger
 Magic Dart               Conj           ####         1%          1    None
 Shock                    Conj/Air       ####         1%          1    None
 Searing Ray              Conj           ######       1%          2    None
 Throw Frost              Conj/Ice       #####.       1%          2    None
 Static Discharge         Conj/Air       #####...     1%          3    ##.....
 Iskenderun's Mystic Bla  Conj           ######..     1%          4    ####...
 Dazzling Spray           Conj/Hex       #####.       2%          3    ##.....
 Spider Form              Tmut/Pois      ####......   3%          3    ##.....
 Beastly Appendage        Tmut           ###...       4%          1    None
 Force Lance              Conj/Tloc      #####...     8%          4    ####...
 Fulminant Prism          Conj/Hex       #####.....   8%          4    ####...
 Throw Icicle             Conj/Ice       #####...     8%          4    ####...
 Sandblast                Erth           #.....       9%          1    None
 Passwall                 Tmut/Erth      ##......     10%         2    None
 Freeze                   Ice            #...         12%         1    None
 Swiftness                Chrm/Air       #.......     16%         2    None
 Lightning Bolt           Conj/Air       #####.....   17%         5    #####..
 Iskenderun's Battlesphe  Conj/Chrm      #####...     21%         5    #####..
 Ozocubu's Armour         Chrm/Ice       #.......     36%         3    ##.....
 Bolt of Magma            Conj/Fire/Erth ####......   43%         5    #####..
 Petrify                  Tmut/Erth      ##......     52%         4    ####...
 Ice Form                 Ice/Tmut       ##......     56%         4    ####...
 Airstrike                Air            ##........   63%         4    ####...
 Iron Shot                Conj/Erth      #####.....   67%         6    #######
 Blade Hands              Tmut           ###.......   75%         5    #####..
 Summon Ice Beast         Ice/Summ       #.......     77%         4    ####...
 Lee's Rapid Deconstruct  Erth           #.........   94%         5    #####..
 Orb of Destruction       Conj           ######....   36%         7    #######
 Spellforged Servitor     Conj/Summ      #####.....   99%         7    #######


Dungeon Overview and Level Annotations

Branches:
Dungeon (14/15)            Temple (1/1) D:7            Lair (6/6) D:9
  Swamp (2/4) Lair:2       Spider (1/4) Lair:4        Slime (0/5) Lair:5
    Orc (2/2) D:12            Elf (0/3) Orc:2
 Vaults: D:13-14

Altars:
Ashenzari
Cheibriados
Dithmenos
Elyvilon
Fedhas
Gozag
Hepliaklqana
Kikubaaqudgha
Makhleb
Nemelex Xobeh
Okawaru
Qazlal
Ru
Sif Muna
Trog
Uskayaw
Vehumet
Wu Jian
Xom
Yredelemnul
Zin
The Shining One

Shops:
D:12 (   D:14 =**   Orc:2 ?!?*

Annotations:
D:3 1 runed door, tmwh's ghost, amateur GrEE
D:7 3 runed doors, Kaname's ghost, novice DsWz; Sokar's ghost, novice SpEE
D:14 Louise
Lair:3 exclusion: hydra
Lair:4 2 transporters, exclusion: oklob plant
Lair:5 1 runed door, Azzok's ghost, journeyman GnEn
Lair:6 exclusion: oklob plant
Swamp:2 Frances
Spider:1 Asterion


Innate Abilities, Weirdness & Mutations

You cannot wear boots.
Your serpentine skin is tough. (AC +5)
You have supernaturally acute eyesight. (SInv)
Armour fits poorly on your strangely shaped body.
Your system is resistant to poisons. (rPois)
You cover ground very slowly.
You have a slow metabolism.
You can spit poison.
You can use your snake-like lower body to constrict enemies.


Message History

The balrug hits you with a glowing demon whip.
You are engulfed in flames!
You feel drained. Asterion blocks your attack. x2
Asterion is lightly wounded.
Your ball python closely misses the balrug.
Asterion hits you with a +0 demon blade of pain!!
You writhe in agony.
You block Asterion's attack.
The balrug hits you with a demon whip of draining!
You are engulfed in flames!
* * * LOW HITPOINT WARNING * * *
You feel drained.
* * * LOW HITPOINT WARNING * * *
Your ball python bites the balrug but does no damage.
Asterion hits you but does no damage. You block Asterion's attack.
Asterion conjures a destructive force in the name of Makhleb!
The bolt of negative energy hits you!
You feel drained.
* * * LOW HITPOINT WARNING * * *
The balrug gestures at you. The bolt of fire hits you!
You die...

##..#....## ##.
#...#..### ##.
#...##†.# #.. #..^#...#
#### #..
#...#...####.^## ##.
##..##..)##....# #.
#...###..#H2#2.# #.
#....###..S.#HS# ##
#...####...@##..# #.
##....####### ..# ##
##......^.## ...
###......)# ..[ ####
#...#..### .#.. #..##
##.##....#########..##
####........#...#...###
###......#..##......
##.##.^#.......)..


You could see Asterion, a balrug and a friendly ball python.

Vanquished Creatures
  An entropy weaver (Spider:1)
  2 vault guards
  4 hydras
  3 centaur warriors
  5 alligators
  6 death yaks
  2 two-headed ogres
  A queen ant (Lair:2)
  A swamp dragon (Swamp:1)
  3 orc sorcerers
  6 orb spiders (Spider:1)
  An ugly thing (D:13)
  3 orc knights (Orc:2)
  2 deep elf magi (D:12)
  4 wolf spiders
  2 cyclopes
  2 centaur zombies (D:13)
  2 black mambas
  An eye of devastation (Lair:5)
  A gargoyle (D:12)
  13 spiny frogs
  2 kobold demonologists (D:12)
  2 rime drakes
  A yaktaur (shapeshifter) (D:13)
  4 demonic crawlers
  A queen bee (Spider:1)
  6 tyrant leeches
  5 trolls
  11 jumping spiders
  6 polar bears
  8 blink frogs
  7 hornets
  6 bog bodies
  10 hippogriffs
  7 dream sheep
  Sigmund (D:3)
  14 spriggans
  A shadow (D:12)
  19 redbacks
  24 yaks
  8 tarantellas (Spider:1)
  2 wraiths
  A wyvern (Lair:5)
  A basilisk (Lair:5)
  A hungry ghost (D:9)
  4 soldier ants
  Edmund (D:6)
  5 wargs
  5 swamp worms
  4 insubstantial wisps
  An acid dragon (D:10)
  12 water moccasins
  4 porcupines
  4 sky beasts
  42 orc warriors
  4 swamp drakes
  3 ice beasts
  4 phantoms
  6 black bears
  10 ogres
  4 eyes of draining
  23 centaurs
  4 boggarts (Lair:6)
  27 wolves
  7 crocodiles
  4 big kobolds
  13 bullfrogs
  2 wyvern zombies
  A wyvern skeleton (D:13)
  3 scorpions
  28 killer bees
  3 wights (D:10)
  An electric eel (Lair:2)
  4 howler monkeys
  5 crimson imps
  4 bullfrog zombies
  10 hounds
  5 jellies
  17 orc priests
  A bullfrog skeleton (D:11)
  3 centaur skeletons
  7 iguanas
  29 orc wizards
  A gnoll shaman (Orc:2)
  Natasha (thrice) (D:3)
  29 worker ants
  2 hell rats (Lair:4)
  2 killer bee zombies
  A hound zombie (D:11)
  A hound skeleton (D:6)
  A worker ant zombie (D:11)
  6 gnolls
  12 river rats (Lair:4)
  15 adders
  6 shadow imps
  6 oozes
  An adder zombie (D:9)
  3 adder skeletons
  8 worms
  A dart slug (D:2)
  2 leopard geckos
  90 orcs
  7 giant cockroaches
  9 goblins
  5 hobgoblins
  13 jackals
  11 quokkas
  6 bats
  4 frilled lizards
  20 kobolds
  8 rats
  A fungus (Lair:1)
801 creatures vanquished.

Vanquished Creatures (collateral kills)
  Gastronok (D:9)
  Joseph (D:7)
  A porcupine (Lair:3)
  A wolf (Lair:6)
  A killer bee (D:9)
  A shadow imp (D:7)
6 creatures vanquished.

Vanquished Creatures (others)
  A two-headed ogre (Orc:2)
  4 bushes (D:14)
  3 fulminant prisms (Lair:6)
  8 fungi
  6 plants
  A withered plant (D:7)
23 creatures vanquished.

Grand Total: 830 creatures vanquished

Notes
Turn   | Place    | Note
-------+----------+-------------------------------------------
     0 | D:1      | PikkenKukken the Naga Venom Mage began the quest for the
                  | Orb.
     0 | D:1      | Reached XP level 1. HP: 15/15 MP: 3/3
   239 | D:1      | Reached XP level 2. HP: 22/22 MP: 3/5
   896 | D:2      | Reached skill level 5 in Poison Magic
   896 | D:2      | Reached XP level 3. HP: 17/28 MP: 3/6
  1185 | D:2      | Learned a level 3 spell: Mephitic Cloud
  1508 | D:2      | Reached XP level 4. HP: 31/36 MP: 3/7
  2576 | D:3      | Reached XP level 5. HP: 42/42 MP: 8/8
  2631 | D:3      | Noticed Natasha
  2639 | D:3      | Killed Natasha
  2765 | D:3      | Noticed Natasha
  2775 | D:3      | HP: 1/42 [white imp[Natasha] (5)]
  2777 | D:3      | Killed Natasha
  3169 | D:3      | Noticed Sigmund
  3250 | D:3      | Noticed Natasha
  3257 | D:3      | Killed Natasha
  3453 | D:3      | Killed Sigmund
  3453 | D:3      | Reached skill level 5 in Conjurations
  3453 | D:3      | Reached XP level 6. HP: 47/49 MP: 1/9
  3726 | D:3      | Found a runed door.
  3730 | D:3      | Noticed tmwh's ghost (amateur GrEE)
  3923 | D:4      | Noticed a phantom
  4002 | D:4      | Reached skill level 1 in Fighting
  4002 | D:4      | Reached XP level 7. HP: 48/57 MP: 5/10
  4120 | D:4      | Learned a level 2 spell: Poisonous Vapours
  4151 | D:4      | Reached skill level 1 in Air Magic
  4456 | D:4      | Found a stormy altar of Qazlal.
  4519 | D:4      | Reached skill level 5 in Stealth
  4910 | D:5      | Entered Level 5 of the Dungeon
  5047 | D:5      | Reached XP level 8. HP: 69/69 MP: 6/11
  6398 | D:5      | Reached skill level 5 in Fighting
  7021 | D:6      | Learned a level 2 spell: Sticks to Snakes
  7115 | D:6      | Identified a scroll of acquirement
  7255 | D:6      | Noticed Edmund
  7399 | D:6      | Reached skill level 1 in Transmutations
  7615 | D:6      | Reached XP level 9. HP: 82/82 MP: 5/12
  7626 | D:6      | Killed Edmund
  7747 | D:7      | Found a runed gate.
  7747 | D:7      | Found a runed gate.
  7748 | D:7      | Identified the +1 chain mail of Eternal Vigilance {Int+9}
                  | (You found it on level 7 of the Dungeon)
  8012 | D:7      | Found a runed gate.
  8028 | D:7      | Noticed Kaname's ghost (novice DsWz)
  8028 | D:7      | Noticed Sokar's ghost (novice SpEE)
  8367 | D:7      | Got a pair of warped gloves
  8373 | D:7      | Identified the +2 pair of gloves of Isamiogg {rF- rC+ Str-2
                  | Int+5} (You found it on level 7 of the Dungeon)
  8412 | D:7      | Found a staircase to the Ecumenical Temple.
  8418 | Temple   | Entered the Ecumenical Temple
  8548 | Temple   | Became a worshipper of Ashenzari the Shackled
  8644 | D:7      | Noticed Joseph
  9001 | D:8      | Noticed a two-headed ogre
  9767 | D:8      | Learned a level 5 spell: Venom Bolt
  9840 | D:8      | Reached XP level 10. HP: 83/94 MP: 14/16
  9921 | D:8      | Killed a two-headed ogre
 10568 | D:9      | Noticed a two-headed ogre
 10580 | D:9      | Killed a two-headed ogre
 10609 | D:9      | Noticed Gastronok
 11255 | D:9      | Found an iron altar of Okawaru.
 11617 | D:7      | Killed Joseph
 11927 | D:10     | Entered Level 10 of the Dungeon
 12256 | D:9      | Found a staircase to the Lair.
 12265 | Lair:1   | Entered Level 1 of the Lair of Beasts
 12453 | D:9      | Reached XP level 11. HP: 97/104 MP: 17/17
 12546 | D:9      | Reached skill level 10 in Poison Magic
 12888 | Lair:1   | Identified the +1 leather armour of Inaction {+Fly rF- MP+9
                  | Stlth+}
 13927 | Lair:2   | Noticed a death yak
 14593 | Lair:2   | Reached skill level 10 in Fighting
 14601 | Lair:2   | Noticed a death yak
 14623 | Lair:1   | Killed a death yak
 14961 | Lair:2   | Learned a level 4 spell: Olgreb's Toxic Radiance
 15169 | Lair:2   | Reached * piety under Ashenzari
 15171 | Lair:2   | Noticed a queen ant
 15176 | Lair:2   | Killed a queen ant
 15176 | Lair:2   | Reached XP level 12. HP: 116/116 MP: 3/18
 15417 | Lair:2   | Noticed a death yak
 15583 | Lair:2   | Killed a death yak
 15588 | Lair:2   | Killed a death yak
 16107 | Lair:2   | Reached skill level 15 in Stealth
 16107 | Lair:2   | Reached skill level 5 in Spellcasting
 16256 | Lair:2   | Found a staircase to the Swamp.
 17116 | Lair:3   | Noticed a four-headed hydra
 17173 | Lair:3   | Reached ** piety under Ashenzari
 17178 | Lair:3   | Learned a level 3 spell: Stone Arrow
 17796 | Lair:4   | Reached skill level 1 in Earth Magic
 17935 | Lair:4   | Found a transporter.
 18688 | Lair:4   | Found a transporter.
 18754 | Lair:4   | Found a hole to the Spider Nest.
 19318 | Lair:5   | Found a runed door.
 19318 | Lair:5   | Noticed Azzok's ghost (journeyman GnEn)
 19318 | Lair:5   | Noticed a spriggan rider
 19512 | Lair:5   | Reached *** piety under Ashenzari
 19519 | Lair:5   | Reached skill level 1 in Shields
 19915 | Lair:5   | Found a staircase to the Slime Pits.
 20144 | Lair:5   | Noticed a death yak
 20145 | Lair:5   | Noticed a death yak
 20258 | Lair:5   | Noticed a death yak
 20465 | Lair:5   | Killed a death yak
 20612 | Lair:5   | Killed a death yak
 21137 | D:9      | Killed Gastronok
 21137 | D:9      | Reached skill level 5 in Shields
 21137 | D:9      | Gained mutation: You can use your snake-like lower body to
                  | constrict enemies. [Naga growth]
 21137 | D:9      | Reached XP level 13. HP: 105/123 MP: 6/22
 21846 | D:10     | Reached skill level 10 in Conjurations
 23726 | D:11     | Reached **** piety under Ashenzari
 24873 | D:12     | Found Ithupnoh's Weapon Emporium.
 25234 | D:12     | Found a staircase to the Orcish Mines.
 25906 | Orc:1    | Entered Level 1 of the Orcish Mines
 26715 | Orc:2    | Entered Level 2 of the Orcish Mines
 27393 | Lair:6   | Entered Level 6 of the Lair of Beasts
 28497 | Lair:6   | Reached XP level 14. HP: 138/138 MP: 5/23
 29302 | Lair:6   | Learned a level 4 spell: Fulminant Prism
 33252 | Orc:2    | Found Uffube's Magic Scroll Shoppe.
 33252 | Orc:2    | Found Kur Giogupe's Distillery.
 33254 | Orc:2    | Found Bisek's Magic Scroll Boutique.
 33256 | Orc:2    | Found Mauqo's General Store.
 33998 | Orc:2    | Found a staircase to the Elven Halls.
 35436 | D:13     | Reached ***** piety under Ashenzari
 35990 | D:13     | Upgraded the game from 0.23-a0-386-g9c9d49f623 to
                  | 0.23-a0-389-g4a5eb334b0
 36014 | D:14     | Found Veclonump's Jewellery Shoppe.
 36017 | D:14     | Found Wiv Ovub's Assorted Antiques.
 36028 | D:14     | Bought a scroll of remove curse for 84 gold pieces
 36028 | D:14     | Bought a scroll of identify for 56 gold pieces
 36028 | D:14     | Bought a scroll of blinking for 210 gold pieces
 36385 | D:14     | Noticed Louise
 36642 | D:14     | Found Wol Itos's Assorted Antiques.
 36645 | D:14     | Bought a potion of heal wounds for 120 gold pieces
 36780 | D:14     | Found a portal to a secret trove of treasure.
 36785 | Trove    | Entered a treasure trove
 36877 | D:14     | Bought a scroll labeled INUD GIUNENIO for 24 gold pieces
 36881 | D:14     | Bought a potion of agility for 96 gold pieces
 36968 | D:14     | Bought a potion of haste for 280 gold pieces
 36976 | D:14     | Bought the ring "Kaicri" {+Inv rElec MP+9} for 615 gold
                  | pieces
 37403 | Spider:1 | Entered Level 1 of the Spider Nest
 37404 | Spider:1 | Reached skill level 1 in Evocations
 38439 | Lair:4   | Reached XP level 15. HP: 151/151 MP: 15/24
 39342 | Lair:4   | Identified the cursed +2 naga barding of the Game of Life
                  | {rElec Int+5} (You acquired it on level 4 of the Lair of
                  | Beasts)
 39383 | Spider:1 | Reached skill level 5 in Evocations
 39609 | Spider:1 | Noticed Asterion
 39805 | Spider:1 | Reached skill level 1 in Maces & Flails
 40636 | Swamp:1  | Entered Level 1 of the Swamp
 43385 | Swamp:2  | Reached skill level 15 in Conjurations
 43385 | Swamp:2  | Noticed Frances
 44305 | Spider:1 | Noticed a balrug
 44314 | Spider:1 | Killed from afar by a balrug

Vault maps used:
D:1:      dpeg_arrival_boxes_within_box
D:2:      first_ration
D:3:      gammafunk_ghost_grave, minivault_11, kennysheep_generic_room_13,
          uniq_sigmund, uniq_natasha
D:4:      grunt_qazlal_sundering
D:6:      uniq_edmund
D:7:      minmay_temple_entry_fiery, gammafunk_ghost_cemetery, uniq_joseph
D:9:      erik_lair_orcish_takeover, basic_altar,
          hangedman_little_slice_of_home, bh_walls_and_bars, uniq_gastronok
D:10:     small_statue_intersection
D:12:     david_orc_1_choice, serial_shops, shop
D:13:     grunt_vaults_entry_fortified
D:14:     enter_trove_5, minmay_misc_feat_cross, serial_shops,
          nicolae_shop_behind_doors, shop, shop_fountains, minmay_hedge_maze,
          minivault_25, minivault_24, corexii_checkpoint_b, uniq_louise,
          uniq_agnes
Temple:   kilobyte_greek_temple
Lair:2:   nicolae_swamp_entry_splash_gauntlet, minmay_another_anthill,
          grunt_megastairs_4
Lair:3:   chequers_serial_rivers_micro_b, lemuel_fruit_tree, grunt_megastairs_5
Lair:4:   gammafunk_cloud_chamber, spider_nest_entry_webs, kennysheep_rathole
Lair:5:   minmay_slime_entry_eyes, ebering_ghost_funeral_grove
Lair:6:   minmay_lair_end_enchanted_forest, st_stairs_13, serial_bayou_shore_a
Swamp:1:  serial_swamp_ruin, evilmike_swamp_ruin_house_5,
          evilmike_swamp_ruin_house_2, infiniplex_staircase_pool_2
Swamp:2:  nicolae_swamp_dense_foliage, uniq_jorgrun, uniq_frances
Spider:1: hive_lemuel, uniq_asterion
Orc:2:    st_orc_rangers, mines4_lemuel
Trove:    trove_misc_throne_room

Skill      XL: |  1  2  3  4  5  6  7  8  9 10 11 12 13 14 15 |
---------------+----------------------------------------------+-----
Conjurations   | 2 3 5 6 9 12 13 15 | 15.1
Poison Magic   | 5 6 9 10 | 10.2
Fighting       | 1 3 6 7 8 10 12 14 | 14.0
Stealth        | 4 6 8 12 14 15 | 15.7
Air Magic      | 2 |  2.0
Transmutations | 1 3 |  3.7
Spellcasting   | 4 6 |  6.2
Dodging        | 2 3 |  3.3
Earth Magic    | 1 |  1.8
Shields        | 5 |  5.0
Evocations     | 3 7 |  7.2
Maces & Flails | 2 |  2.9

Action                   |  1- 3 |  4- 6 |  7- 9 | 10-12 | 13-15 || total
-------------------------+-------+-------+-------+-------+-------++-------
Melee: Dagger            |    42 |    81 |   101 |       |       ||   224
       Flail             |       |       |    78 |   443 |   347 ||   868
       Constrict         |       |       |       |       |    85 ||    85
 Fire: Hunting sling     |       |    63 |   153 |    20 |   335 ||   571
 Cast: Sting             |    56 |    15 |    18 |       |       ||    89
       Mephitic Cloud    |       |     5 |    15 |    22 |    31 ||    73
       Poisonous Vapours |       |       |    46 |   102 |   122 ||   270
       Sticks to Snakes  |       |       |    14 |    34 |    32 ||    80
       Venom Bolt        |       |       |       |    46 |   231 ||   277
       Stone Arrow       |       |       |       |    11 |   163 ||   174
       Olgreb's Toxic Ra |       |       |       |     9 |    42 ||    51
       Fulminant Prism   |       |       |       |       |     3 ||     3
Invok: Curse Item        |       |       |       |     5 |     3 ||     8
       Scrying           |       |       |       |     1 |       ||     1
 Abil: Spit Poison       |       |     2 |    12 |    49 |     2 ||    65
Evoke: Wand              |       |       |       |       |     2 ||     2
  Use: Scroll            |     5 |     5 |    11 |     9 |    15 ||    45
       Potion            |       |     1 |       |     3 |     2 ||     6
 Stab: Sleeping          |       |     1 |     1 |     2 |     3 ||     7
       Confused          |       |       |       |     9 |     3 ||    12
       Distracted        |       |       |       |     2 |     1 ||     3
  Eat: Chunk             |     2 |     6 |    26 |    54 |   111 ||   199
       Ration            |       |     1 |     1 |       |     3 ||     5
Armor: Robe              |    12 |    24 |    17 |       |       ||    53
       Leather armour    |       |       |   108 |   371 |   558 ||  1037
Dodge: Dodged            |    37 |    32 |    98 |   233 |   363 ||   763
Block: Buckler           |       |       |       |       |   261 ||   261

Table legend:
 A = Non-vault XP
 B = Vault XP
 C = Vault XP percentage of total XP
 D = Non-vault monster count
 E = Vault monster count
 F = Vault count percentage of total count
                 A         B        C        D         E       F
            +---------+---------+-------+---------+---------+-------
      Total |   88392 |   27383 |  23.7 |     607 |     200 |  24.8
            +---------+---------+-------+---------+---------+-------
        D:1 |      27 |       0 |   0.0 |      17 |       0 |   0.0
        D:2 |     119 |       0 |   0.0 |      30 |       0 |   0.0
        D:3 |     134 |     219 |  62.0 |      18 |       2 |  10.0
        D:4 |     745 |       0 |   0.0 |      16 |       0 |   0.0
        D:5 |     850 |       0 |   0.0 |      22 |       0 |   0.0
        D:6 |     259 |     169 |  39.5 |      16 |       1 |   5.9
        D:7 |     646 |     407 |  38.7 |      13 |       1 |   7.1
        D:8 |    2827 |       0 |   0.0 |      40 |       0 |   0.0
        D:9 |    3019 |    2429 |  44.6 |      38 |      15 |  28.3
       D:10 |    2777 |       0 |   0.0 |      44 |       0 |   0.0
       D:11 |    3563 |       0 |   0.0 |      34 |       0 |   0.0
       D:12 |    4223 |     605 |  12.5 |      27 |       9 |  25.0
       D:13 |    5338 |    1007 |  15.9 |      26 |       1 |   3.7
       D:14 |    1357 |     942 |  41.0 |       4 |       1 |  20.0
     Lair:1 |    3893 |     116 |   2.9 |      18 |       1 |   5.3
     Lair:2 |    4289 |    3794 |  46.9 |      16 |      36 |  69.2
     Lair:3 |    2750 |     268 |   8.9 |      13 |       2 |  13.3
     Lair:4 |    4597 |     686 |  13.0 |      18 |      17 |  48.6
     Lair:5 |    4057 |    1714 |  29.7 |      10 |       9 |  47.4
     Lair:6 |    6808 |    7629 |  52.8 |      24 |      40 |  62.5
    Swamp:1 |    8017 |       0 |   0.0 |      23 |       0 |   0.0
    Swamp:2 |    7001 |       0 |   0.0 |      12 |       0 |   0.0
   Spider:1 |   15007 |     903 |   5.7 |      45 |      14 |  23.7
      Orc:1 |    3145 |       0 |   0.0 |      52 |       0 |   0.0
      Orc:2 |    2944 |    6495 |  68.8 |      31 |      51 |  62.2
            +---------+---------+-------+---------+---------+-------
